 Dungeon Crawl Stone Soup version 0.14-a0-1765-g49ce880 (webtiles) character file.

52 4tharraofdagon the Firebug (level 2, 1/22 HPs)
             Began as a Naga Fire Elementalist on Jan 5, 2014.
             Quit the game on Level 3 of the Dungeon.
             The game lasted 00:01:41 (291 turns).

4tharraofdagon the Firebug (Naga Fire Elementalist)  Turns: 291, Time: 00:01:41

HP   1/22        AC  1     Str  9 (10) XL: 2   Next: 87%
MP   0/4         EV  9     Int 15      God:
Gold 31          SH  0     Dex 10 (11) Spells:  1 memorised,  4 levels left

rFire  . . .     SeeInvis +     d - +0 mace
rCold  . . .     Clarity  .     a - +0 robe
rNeg   . . .     Conserve .     (no shield)
rPois  +         rCorr    .     (no helmet)
rElec  .         rRot     .     (no cloak)
SustAb . .       Spirit   .     (no gloves)
rMut   .         Warding  .     (no barding)
Saprov . . .     Stasis   .     (no amulet)
                                (no ring)
                                (no ring)

@: short of breath, very slow, slightly resistant to hostile enchantments,
fairly stealthy
A: spit poison, see invisible, blink 1, deformed body, deterioration 1, poison
resistance, regeneration 1, slowness 2
a: Spit Poison, Blink


You were on level 3 of the Dungeon.
You were not hungry.

You visited 1 branch of the dungeon, and saw 3 of its levels.

You collected 31 gold pieces.

Inventory:

Hand weapons
 d - a +0,+0 mace (weapon)
Armour
 a - a +0 robe (worn)
Comestibles
 c - a bread ration
Scrolls
 e - a scroll of remove curse {unknown}
 f - a scroll of magic mapping {unknown}
 g - a scroll of identify {unknown}
 h - a scroll of teleportation {unknown}
Books
 b - a book of Flames

   Spells                             Type                      Level
   *Flame Tongue                      Conjuration/Fire             1
   Throw Flame                        Conjuration/Fire             2
   Conjure Flame                      Conjuration/Fire             3
   Inner Flame                        Hexes/Fire                   3
   Sticky Flame                       Conjuration/Fire             4
   Fireball                           Conjuration/Fire             5


   Skills:
 - Level 1.5 Dodging
 - Level 3.0 Stealth
 + Level 2.2 Spellcasting
 * Level 1.7 Conjurations
 * Level 3.5 Fire Magic


You had 4 spell levels left.
You knew the following spells:

 Your Spells              Type           Power        Failure   Level  Hunger
a - Flame Tongue          Conj/Fire      #....        10%         1    #......


Dungeon Overview and Level Annotations

Branches:
Dungeon (3/16)

Altars:


Innate Abilities, Weirdness & Mutations

You cannot wear boots.
You can spit poison.
You have supernaturally acute eyesight.
Armour fits poorly on your strangely shaped body.
Your system is resistant to poisons.
You cover ground very slowly.
You can translocate small distances at will.
Your body is slowly deteriorating.
Your natural rate of healing is unusually fast.


Message History

The ball python bites you.
* * * LOW HITPOINT WARNING * * *
The orc wizard hits you with an orcish dagger.
* * * LOW HITPOINT WARNING * * *
The ball python closely misses you.
The orc wizard hits you with an orcish dagger.
* * * LOW HITPOINT WARNING * * *
Unknown command.
You aren't carrying any potions.
You aren't carrying any potions.
You aren't carrying any potions.
You aren't carrying any potions.
You aren't carrying any potions.
You aren't carrying any potions.
You aren't carrying any potions.
You aren't carrying any potions.
You aren't carrying any potions.
You aren't carrying any potions.
Unknown command.
Are you sure you want to abandon this character and quit the game? (Confirm with "yes".) ..........#.#.# .## ..........'%..# ..... ..........#.### oS....

...........#.......#
...S..####+#####...#####.###
...................#
.................####
.................+
.............S@..#
............o...+
................#
######..........#
................
############..... .##. .#


You could see an orc wizard and a ball python.

Vanquished Creatures
  A giant mite (D:1)
  A worm (D:2)
  A giant gecko (D:1)
  A giant cockroach (D:1)
  A hobgoblin (D:1)
  2 kobolds
  A quokka (D:3)
8 creatures vanquished.

Notes
Turn   | Place    | Note
--------------------------------------------------------------
     0 | D:1      | 4tharraofdagon, the Naga Fire Elementalist, began the quest for the Orb.
     0 | D:1      | Reached XP level 1. HP: 15/15 MP: 3/3
    31 | D:1      | Reached XP level 2. HP: 11/22 MP: 4/4
    95 | D:1      | Gained mutation: You can translocate small distances at will. [potion of mutation]
    95 | D:1      | Gained mutation: Your body is slowly deteriorating. [potion of mutation]
    95 | D:1      | Gained mutation: Your natural rate of healing is unusually fast. [potion of mutation]
   290 | D:3      | HP: 1/22 [orc wizard/orcish dagger (4)]
   291 | D:3      | Quit the game

Action                   || total
-------------------------++-------
Melee: Mace              ||     6
 Cast: Flame Tongue      ||    12
 Abil: Spit Poison       ||     9
  Use: Potion            ||     1
